 Dungeon Crawl Stone Soup version 0.22-a0-579-gb62a27e (webtiles) character file.

26 EazyBreezy the Chiller (level 3, -1/22 HPs)
             Began as an Octopode Ice Elementalist on July 1, 2018.
             Succumbed to a goblin's poison
             ... on level 1 of the Dungeon.
             The game lasted 00:02:55 (939 turns).

EazyBreezy the Chiller (Octopode Ice Elementalist)   Turns: 939, Time: 00:02:56

Health: -1/22      AC:  1    Str:  7    XL:     3   Next: 8%
Magic:  1/6        EV: 13    Int: 18    God:
Gold:   73         SH:  0    Dex: 12    Spells: 3/6 levels left

rFire    . . .     SeeInvis .   (no weapon)
rCold    . . .     Gourm    .   (no shield)
rNeg     . . .     Faith    .   c - +0 hat
rPois    .         Spirit   .   (no amulet)
rElec    .         Reflect  .   (no ring)
rCorr    .         Harm     .   (no ring)
MR       .....                  (no ring)
Stlth    ++++......             (no ring)
HPRegen  0.07/turn              (no ring)
MPRegen  0.10/turn              (no ring)
                                (no ring)
                                (no ring)

@: lethally poisoned (-1 -> -32), very slightly contaminated
A: almost no armour, stealthy swim, amphibious, 8 rings, constrict 8, camouflage
1, gelatinous body 1
a: no special abilities


You were on level 1 of the Dungeon.
You were not hungry.

You visited 1 branch of the dungeon, and saw 1 of its levels.

You collected 73 gold pieces.

Inventory:

Armour
 c - a +0 hat (worn)
Scrolls
 g - a scroll of identify
Potions
 d - a potion of resistance
 f - a potion of degeneration {unknown}


   Skills:
 * Level 0.9 Fighting
 * Level 2.1 Dodging
 * Level 2.8 Stealth
 * Level 0.5 Unarmed Combat
 * Level 2.2 Spellcasting
 * Level 1.1 Conjurations
 * Level 3.4 Ice Magic


You had 3 spell levels left.
You knew the following spells:

 Your Spells              Type           Power        Failure   Level  Hunger
a - Freeze                Ice            ##..         4%          1    #......
b - Throw Frost           Conj/Ice       ##....       11%         2    ##.....

Your spell library contained the following spells:

 Spells                   Type           Power        Failure   Level  Hunger
 Summon Ice Beast         Ice/Summ       #.......     65%         4    #####..
 Ozocubu's Armour         Chrm/Ice       #.......     26%         3    ###....
 Throw Icicle             Conj/Ice       ##......     56%         4    #####..


Dungeon Overview and Level Annotations

Branches:
Dungeon (1/15)

Altars:


Innate Abilities, Weirdness & Mutations

You cannot wear most types of armour.
You are very stealthy in the water. (Stealth+)
You are amphibious.
You can wear up to eight rings at the same time.
You can use your tentacles to constrict eight enemies at once.
Your skin changes colour to match your surroundings (Stealth+).
Your rubbery body absorbs attacks. (AC +1, EV +1)


Message History

Your squeeze misses the frilled lizard.
You feel sick. The frilled lizard bites you.
The goblin hits you with a dagger of venom.
You are more poisoned.
You closely miss the frilled lizard. Your grab misses the frilled lizard.
* * * LOW HITPOINT WARNING * * *
You feel sick. The frilled lizard bites you.
* * * LOW HITPOINT WARNING * * *
The goblin hits you with a dagger of venom.
* * * LOW HITPOINT WARNING * * *
You are more poisoned.
Casting: Throw Frost (safe; 11% risk of failure)
Confirm with . or Enter, or press ? or * to list all spells.
Aiming: Freeze (safe; 4% risk of failure)
Press: ? - help, Shift-Dir - straight line, f/p - frilled lizard
Aim: a frilled lizard You miscast Freeze.
You are very lightly contaminated with residual magic.
A chill runs through your body.
You die...

.......# *....#*,* *###.#
...†.### *##.##***##..#.#########
.##....####...####....#..........
..##.....#..≈..#.....##..#######.
#.)#8..≈....≈....≈..8##..# #.
..###...≈(.≈≈≈..≈...###..# #.
.###...)(≈≈≈≈≈≈≈.....##..#######.
###....≈≈≈≈...≈≈≈≈............###
.##..≈≈≈≈≈..<..†@l≈≈..#..####.#
#.#....≈≈≈≈...≈g≈≈....#..# *,*
...#.....≈≈≈≈≈≈≈.....##..# *,***
##.##...≈..≈≈≈..≈...###..####...,
#,#8..≈....≈....≈..8#.S........,
*,#.....#..≈..#.....#.#†####..#*
*,....####...####.....#...#*,,,,
*#..###**##.##**###...###g#*,,,*
*...,,,,* #.#*,* #.#.# *.#*,,,*


You could see a goblin and a frilled lizard.

Vanquished Creatures
  A gnoll (D:1)
  2 goblins (D:1)
  2 hobgoblins (D:1)
  A kobold (D:1)
  2 ball pythons (D:1)
  4 bats (D:1)
  3 frilled lizards (D:1)
  2 rats (D:1)
17 creatures vanquished.

Notes
Turn   | Place    | Note
-------+----------+-------------------------------------------
     0 | D:1      | EazyBreezy the Octopode Ice Elementalist began the quest for the Orb.
     0 | D:1      | Reached XP level 1. HP: 11/11 MP: 3/3
   312 | D:1      | Reached XP level 2. HP: 12/18 MP: 3/5
   638 | D:1      | Learned a level 2 spell: Throw Frost
   877 | D:1      | Reached XP level 3. HP: 22/22 MP: 3/6
   938 | D:1      | HP: 1/22 [goblin/dagger of venom (2)]
   939 | D:1      | Succumbed to a goblin's poison

Vault maps used:
D:1:      eino_arrival_water_star, minmay_close_crescents

Action                   || total
-------------------------++-------
Melee: Unarmed           ||    16
       Constrict         ||     2
       Tentacles         ||     2
 Cast: Freeze            ||    18
       Throw Frost       ||     4
  Use: Scroll            ||     3
  Eat: Ration            ||     1
Armor: Skin              ||     3
Dodge: Dodged            ||    22

Table legend:
 A = Spawn XP
 B = Non-spawn XP
 C = Spawn XP percentage of total XP
 D = Spawn monster count
 E = Non-spawn monster count
 F = Spawn count percentage of total count
 G = Total turns spent on level
                    A         B        C        D         E        F      G
               +---------+---------+-------+---------+---------+-------+---------
         Total |       0 |      38 |   0.0 |       0 |      17 |   0.0 |   939
               +---------+---------+-------+---------+---------+-------+---------
           D:1 |       0 |      38 |   0.0 |       0 |      17 |   0.0 |   939
               +---------+---------+-------+---------+---------+-------+---------
